 Dungeon Crawl Stone Soup version 0.21-a0-150-gc243083 (webtiles) character file.

20266 Duffy the Thaumaturge (level 12, -21/94 HPs)
             Began as a Mummy Fire Elementalist on July 26, 2017.
             Was an Elder of Vehumet.
             Demolished by a salamander
             ... wielding a +0 battleaxe of flaming
              (24 damage)
             ... in a volcano.
             The game lasted 00:31:00 (19329 turns).

Duffy the Thaumaturge (Mummy Fire Elementalist)    Turns: 19329, Time: 00:31:01

Health: -21/94     AC:  9    Str: 13    XL:     12   Next: 43%
Magic:  5/27       EV: 16    Int: 18    God:    Vehumet [****..]
Gold:   781        SH:  0    Dex: 17    Spells: 11/34 levels left

rFire    . . .     SeeInvis .   r - +4 dagger (elec)
rCold    + . .     Gourm    .   (no shield)
rNeg     + + +     Faith    .   k - +2 robe {rF+}
rPois    ∞         Spirit   .   (no helmet)
rElec    .         Reflect  .   h - scarf {cloud immunity}
rCorr    .         Harm     +   f - +2 pair of gloves
MR       +....                  I - +1 pair of boots
Stlth    +.........             D - amulet of harm
HPRegen  0.25/turn              m - ring of loudness (curse)
MPRegen  0.20/turn              C - +5 ring of dexterity

@: no status effects
A: no food or potions, fire vulnerability, cold resistance 1, negative energy
resistance 3, torment resistance, unbreathing
a: Renounce Religion


You were in a volcano.
You worshipped Vehumet.
Vehumet was greatly pleased with you.
You were not hungry.

You visited 2 branches of the dungeon, and saw 14 of its levels.
You also visited: Volcano.

You collected 781 gold pieces.

Inventory:

Hand Weapons
 a - a +1 whip of venom
 r - a +4 dagger of electrocution (weapon)
Missiles
 x - 3 throwing nets (quivered)
Armour
 c - a +1 shield of fire resistance
 f - a +2 pair of gloves (worn)
 h - a scarf of cloud immunity (worn)
 k - a +2 robe of fire resistance (worn)
 l - a +1 leather armour of magic resistance
 A - a +1 leather armour of cold resistance
 I - a +1 pair of boots (worn)
Magical Staves
 w - an uncursed staff of fire
Jewellery
 m - a cursed ring of loudness (left hand)
 y - an uncursed amulet of regeneration
 C - a +5 ring of dexterity (right hand)
 D - an amulet of harm (around neck)
Wands
 e - a wand of iceblast (0/15)
 j - a wand of flame (20/48)
 n - a wand of enslavement (3/24)
 s - a wand of clouds (1/9)
 B - a wand of confusion (30/48)
 E - a wand of clouds (0/9)
 F - a wand of enslavement (6/24)
Scrolls
 g - a scroll of immolation
 i - 5 scrolls of identify
 o - 2 scrolls of remove curse
 p - a scroll of magic mapping
 q - 2 scrolls of teleportation
 t - a scroll of blinking
 v - 5 scrolls of vulnerability
 z - a scroll of enchant weapon
 J - a scroll of recharging
Books
 b - a book of Flames

   Spells                             Type                      Level
   a - Flame Tongue                   Conjuration/Fire             1
   b - Throw Flame                    Conjuration/Fire             2
   c - Conjure Flame                  Conjuration/Fire             3
   d - Inner Flame                    Hexes/Fire                   3
   e - Sticky Flame                   Conjuration/Fire             4
   f - Fireball                       Conjuration/Fire             5
 d - a Young Poisoner's Handbook

   Spells                             Type                      Level
   a - Sting                          Conjuration/Poison           1
   b - Poisonous Vapours              Poison/Air                   2
   c - Mephitic Cloud                 Conjuration/Poison/Air       3
   d - Olgreb's Toxic Radiance        Poison                       4
   e - Venom Bolt                     Conjuration/Poison           5
 u - a book of Cantrips

   Spells                             Type                      Level
   a - Confusing Touch                Hexes                        1
   b - Animate Skeleton               Necromancy                   1
   c - Summon Small Mammal            Summoning                    1
   d - Apportation                    Translocation                1
 G - a book of Power

   Spells                             Type                      Level
   a - Iskenderun's Battlesphere      Conjuration/Charms           5
   b - Venom Bolt                     Conjuration/Poison           5
   c - Bolt of Magma                  Conjuration/Fire/Earth       5
   d - Iron Shot                      Conjuration/Earth            6
   e - Orb of Destruction             Conjuration                  7
   f - Spellforged Servitor           Conjuration/Summoning        7
 H - Fimu's Papyrus of Bewitchment and Orientation
   (You found it on level 3 of the Lair of Beasts)

   Spells                             Type                      Level
   a - Confusing Touch                Hexes                        1
   b - Apportation                    Translocation                1
   c - Teleport Other                 Translocation                3
   d - Fulminant Prism                Conjuration/Hexes            4
   e - Metabolic Englaciation         Hexes/Ice                    5
   f - Invisibility                   Hexes                        6


   Skills:
 - Level 8.5 Fighting
 - Level 6.2 Dodging
 - Level 1.5 Stealth
 + Level 11.6 Spellcasting
 * Level 8.4 Conjurations
 + Level 8.3 Fire Magic
 - Level 5.0 Evocations


You had 11 spell levels left.
You knew the following spells:

 Your Spells              Type           Power        Failure   Level  Hunger
a - Flame Tongue          Conj/Fire      #####        1%          1    N/A
c - Animate Skeleton      Necr           N/A          7%          1    N/A
i - Iskenderun's Battles  Conj/Chrm      ####....     9%          5    N/A
j - Sticky Flame          Conj/Fire      #####...     1%          4    N/A
k - Fireball              Conj/Fire      #####.....   1%          5    N/A
l - Conjure Flame         Conj/Fire      #####...     1%          3    N/A
n - Mephitic Cloud        Conj/Pois/Air  ###.....     1%          3    N/A
u - Apportation           Tloc           ##....       7%          1    N/A

Dungeon Overview and Level Annotations

Branches:
Dungeon (10/15)            Temple (0/1) D:6            Lair (4/6) D:10
  Swamp (0/4) Lair:4        Snake (0/4) Lair:3          Orc (0/2) D:10

Altars:
Ashenzari
Dithmenos
Fedhas
Kikubaaqudgha
Makhleb
Okawaru
Ru
Trog
Vehumet
Zin
The Shining One

Shops:
D:4 *%

Annotations:
D:4 Dowan, Duvessa
Lair:1 exclusion: downstairs
Lair:2 exclusion: oklob plant


Innate Abilities, Weirdness & Mutations

You do not eat or drink.
Your flesh is vulnerable to fire.
You are immune to poison.
Your flesh is cold resistant. (rC+)
You are immune to negative energy. (rN+++)
You are immune to unholy pain and torment.
You can survive without breathing.


Message History

The salamander misses you.
You hit the salamander but do no damage.
The salamander is severely wounded.
The salamander barely misses you.
You hit the salamander.
The salamander is almost dead.
The salamander closely misses you.
You hit the salamander.
The salamander is almost dead.
The salamander closely misses you.
You barely miss the salamander.
The salamander is almost dead.
The salamander completely misses you.
The salamander hits you with a battleaxe of flaming!!
You are engulfed in flames!
The salamander burns you!
A fire bat comes into view.
You barely miss the salamander.
The salamander is almost dead.
The salamander hits you with a battleaxe of flaming!!
You die...
P7.77 777 7P..7 77777P77777

## 77P.77777PP.).....77
~~~##
~7P7..7P....PP7).%.77~~00##
07777....P.7777777.)7~0000#
~~~~7777P.77~~~77..P7~0~0~#
P0~~~~~77770000...7.P~~00~#
..7.~~~0~000~0.P...P.P~~~~#
7..PP.~~000000P.@P..PP~~~0#
7.....P700000PPN.7...P~~~~#
....P..7P0.777.PbP).P0000~#
0~7P.7......%...7.P.7~000##
0~~N077.7...7P.....P~~000#
~~0~0~7~......7)P.7~~0~~##
~~0~~~~~~77..77777~~~~~0#
00~0~~~~~~7777 0~~00##
~777777~~~0 00~~##


You could see a salamander (berserk) and a fire bat.

Vanquished Creatures
  The ghost of drasked the Grappler, a journeyman TrMo (Volcano)
  2 hydras (Lair:2)
  5 two-headed ogres
  The ghost of wazuzu the Artisan of Death, a novice DDMo of Kikubaaqudgha (D:8)
  Pikel (D:6)
  A salamander (Volcano)
  A centaur skeleton (D:9)
  2 spiny frogs
  2 komodo dragons
  A merfolk (D:9)
  A hornet (D:8)
  3 blink frogs (Lair:1)
  4 hippogriffs
  Prince Ribbit (D:6)
  A wraith (D:10)
  9 yaks
  5 fire bats (Volcano)
  3 wyverns
  A basilisk (Lair:1)
  Eustachio (D:6)
  A warg (D:9)
  A steam dragon (D:7)
  Edmund (D:5)
  Menkaure (D:5)
  A naga (Lair:3)
  2 porcupines (Lair:3)
  7 water moccasins
  4 orc warriors
  2 phantoms
  An ice beast (D:5)
  4 slaves (D:6)
  A black bear (D:9)
  A hornet zombie (D:8)
  A necrophage (D:9)
  4 wolves (Lair:2)
  10 ogres
  4 centaurs
  8 crocodiles
  Blork the orc (D:6)
  9 bullfrogs
  3 scorpions
  12 wights
  3 killer bees (D:9)
  3 howler monkeys
  A bullfrog zombie (D:8)
  8 crimson imps
  A quasit (D:4)
  2 jellies
  10 orc priests
  A gnoll shaman (D:7)
  5 hounds
  9 orc wizards
  5 bullfrog skeletons
  An iron imp (D:2)
  Jessica (D:2)
  3 iguanas
  Natasha (D:2)
  Terence (D:2)
  7 worker ants
  A hound zombie (D:9)
  A worker ant zombie (D:10)
  5 gnolls (D:7)
  10 adders
  2 shadow imps
  An adder skeleton (D:6)
  4 worms
  A dart slug (D:1)
  2 leopard geckos
  44 orcs
  A ball python (D:4)
  7 giant cockroaches
  7 goblins
  A hobgoblin (D:3)
  2 jackals (D:6)
  A quokka (D:9)
  13 bats
  4 frilled lizards
  3 kobolds
  A leopard gecko zombie (D:6)
  A quokka zombie (D:5)
  8 rats
  A bush (Lair:2)
  A fungus (Lair:2)
  3 plants (Volcano)
312 creatures vanquished.

Vanquished Creatures (collateral kills)
  A spiny frog (Lair:1)
  A yak (Lair:1)
  A wight (D:9)
3 creatures vanquished.

Vanquished Creatures (others)
  2 fungi
  41 plants
43 creatures vanquished.

Grand Total: 358 creatures vanquished

Notes
Turn   | Place    | Note
-------+----------+-------------------------------------------
     0 | D:1      | Duffy the Mummy Fire Elementalist began the quest for the Orb.
     0 | D:1      | Reached XP level 1. HP: 13/13 MP: 4/4
   321 | D:1      | Reached skill level 1 in Conjurations
   755 | D:1      | Reached skill level 3 in Spellcasting
   768 | D:1      | Reached XP level 2. HP: 15/19 MP: 6/6
  1321 | D:2      | Found a radiant altar of Vehumet.
  1329 | D:2      | Became a worshipper of Vehumet
  1334 | D:2      | Reached XP level 3. HP: 20/24 MP: 8/8
  1339 | D:2      | Learned a level 3 spell: Conjure Flame
  1422 | D:2      | Found a burning altar of Makhleb.
  1433 | D:2      | Reached skill level 4 in Spellcasting
  1563 | D:2      | Noticed Terence
  1687 | D:2      | Killed Terence
  1687 | D:2      | Reached XP level 4. HP: 4/30 MP: 10/10
  2046 | D:2      | Found a faded altar of an unknown god.
  2294 | D:2      | Noticed Natasha
  2305 | D:2      | Killed Natasha
  2466 | D:2      | Noticed Jessica
  2501 | D:2      | Killed Jessica
  2501 | D:2      | Reached XP level 5. HP: 27/35 MP: 0/12
  2868 | D:3      | Reached * piety under Vehumet
  2868 | D:3      | Offered knowledge of Sandblast by Vehumet.
  2985 | D:3      | Learned a level 4 spell: Sticky Flame
  2991 | D:3      | Learned a level 5 spell: Fireball
  3269 | D:3      | Reached skill level 5 in Spellcasting
  3333 | D:4      | Found Utomeul's Food Boutique.
  3558 | D:4      | Found Wenomut's Serpentskin Sales.
  3558 | D:4      | Noticed Duvessa
  3558 | D:4      | Noticed Dowan
  3559 | D:4      | Noticed a water moccasin
  3582 | D:5      | Entered Level 5 of the Dungeon
  3640 | D:5      | Noticed Eustachio
  3906 | D:6      | Killed Eustachio
  3906 | D:6      | Reached XP level 6. HP: 16/41 MP: 5/14
  4310 | D:5      | Noticed an ice beast
  4315 | D:5      | Killed an ice beast
  4315 | D:5      | Reached skill level 6 in Spellcasting
  4586 | D:5      | Reached XP level 7. HP: 38/46 MP: 12/16
  5444 | D:5      | Noticed Edmund
  5619 | D:5      | Killed Edmund
  5619 | D:5      | Reached skill level 7 in Spellcasting
  5762 | D:5      | Noticed Menkaure
  5764 | D:5      | Killed Menkaure
  5764 | D:5      | Reached XP level 8. HP: 52/52 MP: 15/19
  5995 | D:5      | Offered knowledge of Searing Ray by Vehumet.
  5995 | D:5      | Reached skill level 1 in Fighting
  6022 | D:5      | Reached ** piety under Vehumet
  6074 | D:5      | Reached skill level 5 in Fire Magic
  6079 | D:5      | Reached skill level 5 in Conjurations
  6718 | D:6      | Learned a level 3 spell: Mephitic Cloud
  6753 | D:6      | Noticed Prince Ribbit
  6783 | D:6      | Killed Prince Ribbit
  6823 | D:6      | Reached skill level 5 in Fighting
  6850 | D:6      | Noticed Pikel
  7221 | D:6      | Reached XP level 9. HP: 69/69 MP: 5/20
  7551 | D:6      | Noticed Blork the orc
  7560 | D:6      | Killed Blork the orc
  7686 | D:6      | Found a staircase to the Ecumenical Temple.
  8007 | D:6      | Offered knowledge of Dazzling Spray by Vehumet.
  8157 | D:6      | Found an iron altar of Okawaru.
  8298 | D:6      | Killed Pikel
  9121 | D:7      | Found a shadowy altar of Dithmenos.
  9166 | D:7      | Reached *** piety under Vehumet
  9667 | D:7      | Found a shattered altar of Ashenzari.
  9895 | D:7      | Offered knowledge of Ignite Poison by Vehumet.
  9902 | D:7      | Reached skill level 8 in Spellcasting
 10229 | D:7      | Found a sacrificial altar of Ru.
 10232 | D:7      | Found a bloodstained altar of Trog.
 10235 | D:7      | Found a glowing silver altar of Zin.
 10723 | D:7      | Reached XP level 10. HP: 44/82 MP: 5/22
 11427 | D:8      | Found a blossoming altar of Fedhas.
 11617 | D:8      | Noticed wazuzu's ghost (novice DDMo)
 11643 | D:8      | Killed wazuzu's ghost
 11643 | D:8      | Reached skill level 9 in Spellcasting
 11962 | D:8      | Found an ancient bone altar of Kikubaaqudgha.
 12409 | D:9      | Learned a level 1 spell: Apportation
 12411 | D:9      | Learned a level 1 spell: Animate Skeleton
 12823 | D:9      | Reached **** piety under Vehumet
 13129 | D:9      | Found a glowing golden altar of the Shining One.
 13162 | D:9      | Offered knowledge of Airstrike by Vehumet.
 13162 | D:9      | Reached skill level 10 in Spellcasting
 13531 | D:10     | Entered Level 10 of the Dungeon
 13815 | D:10     | Noticed a two-headed ogre
 13826 | D:10     | Killed a two-headed ogre
 13826 | D:10     | Reached XP level 11. HP: 51/87 MP: 9/25
 14131 | D:10     | Found a staircase to the Orcish Mines.
 14141 | D:10     | Found a staircase to the Lair.
 14146 | D:10     | Noticed a two-headed ogre
 14233 | D:10     | Killed a two-headed ogre
 15197 | Lair:1   | Entered Level 1 of the Lair of Beasts
 15356 | Lair:1   | Reached skill level 11 in Spellcasting
 15923 | Lair:2   | Found a glowing golden altar of the Shining One.
 15923 | Lair:2   | Noticed an oklob plant
 15930 | Lair:2   | Noticed a five-headed hydra
 15933 | Lair:2   | Killed a five-headed hydra
 16235 | Lair:2   | Got an ichor-stained trident
 16236 | Lair:2   | Identified the +1 trident of Ipsiatheu {venom, *Contam +Inv rElec rPois} (You found it on level 2 of the Lair of Beasts)
 16389 | Lair:2   | Noticed a five-headed hydra
 16393 | Lair:2   | Killed a five-headed hydra
 16760 | Lair:2   | Reached skill level 5 in Dodging
 17318 | Lair:3   | Identified Fimu's Papyrus of Bewitchment and Orientation
 17876 | Lair:3   | Reached skill level 1 in Evocations
 17923 | Lair:3   | Reached XP level 12. HP: 94/94 MP: 25/27
 18207 | Lair:3   | Found an iron altar of Okawaru.
 18228 | Lair:3   | Found a staircase to the Snake Pit.
 18381 | Lair:4   | Learned a level 5 spell: Iskenderun's Battlesphere
 18396 | Lair:4   | Found a dark tunnel.
 18403 | Volcano  | Entered a volcano
 18405 | Volcano  | Noticed a two-headed ogre
 18412 | Volcano  | Killed a two-headed ogre
 18602 | Volcano  | Noticed a two-headed ogre
 18611 | Volcano  | Killed a two-headed ogre
 18611 | Volcano  | Reached ***** piety under Vehumet
 18611 | Volcano  | Offered knowledge of Lightning Bolt by Vehumet.
 18659 | Volcano  | Noticed drasked's ghost (journeyman TrMo)
 18668 | Volcano  | Killed drasked's ghost
 18955 | Volcano  | Reached skill level 5 in Evocations
 19068 | Volcano  | Noticed a two-headed ogre
 19090 | Volcano  | Killed a two-headed ogre
 19328 | Volcano  | HP: 3/94 [salamander/battleaxe of flaming (9)]
 19329 | Volcano  | Demolished by a salamander

Vault maps used:
D:1:      onia_arrival_mini_spirals, minmay_distorted
D:2:      vehumet_crystals, makhleb_grotto_becter,
          chequers_ecumenical_altar_simple, uniq_terence, uniq_jessica,
          uniq_natasha
D:4:      first_bread, serial_shops, shop, guppyfry_shop_venom, uniq_duvessa
D:5:      minmay_opposing_rooms, moated_statue, uniq_eustachio, uniq_edmund,
          uniq_menkaure
D:6:      lemuel_doored_altar, minmay_temple_entry_poolview, uniq_pikel,
          uniq_blork_the_orc, uniq_prince_ribbit1
D:7:      kennysheep_mini, minmay_overflow_temple_star_quad, ashenzari_altar_1
D:8:      kiku_gazebo_pond_becter, kennysheep_mini_moat
D:9:      lemuel_round_altar, hangedman_fish_farm
D:10:     erik_lair_orcish_takeover, orc_0_dummy, hangedman_abyss_or_decor_stabs
Lair:2:   minivault_25, lemuel_oklob_altar, infiniplex_staircase_pool_2,
          serial_bayou_shore_b
Lair:3:   minmay_snake_entry_guardpost_small, basic_altar
Lair:4:   minmay_swamp_entry_worms, nicolae_volcano_entry_hallway,
          eino_small_chamber_without_monster, uniq_harold
Volcano:  pf_volcano_lost_world

Skill      XL: |  1  2  3  4  5  6  7  8  9 10 11 12 |
---------------+-------------------------------------+-----
Conjurations   | 1 2 3 4 5 7 8 |  8.4
Spellcasting   | 3 4 5 6 7 8 10 11 | 11.6
Fire Magic     | 3 4 5 7 8 |  8.3
Fighting       | 5 8 |  8.5
Dodging        | 6 |  6.2
Evocations     | 1 5 |  5.0
Stealth        | |  1.5

Action                   |  1- 3 |  4- 6 |  7- 9 | 10-12 || total
-------------------------+-------+-------+-------+-------++-------
Melee: Whip              |    64 |   115 |    27 |       ||   206
       Dagger            |     3 |       |   198 |   106 ||   307
       Staff             |       |       |       |    18 ||    18
 Cast: Flame Tongue      |    12 |    65 |   169 |   311 ||   557
       Sticky Flame      |       |     2 |    32 |    35 ||    69
       Conjure Flame     |       |     2 |    19 |    24 ||    45
       Fireball          |       |       |     5 |    30 ||    35
       Animate Skeleton  |       |       |       |     8 ||     8
       Iskenderun's Batt |       |       |       |    13 ||    13
Evoke: Wand              |       |       |       |     7 ||     7
  Use: Scroll            |       |     9 |     5 |     9 ||    23
 Stab: Sleeping          |     1 |     3 |     1 |       ||     5
       Distracted        |       |       |       |     1 ||     1
Armor: Leather armour    |    29 |    20 |       |       ||    49
       Robe              |       |    13 |    81 |    72 ||   166
Dodge: Dodged            |    44 |    83 |   210 |   181 ||   518
Block: Shield            |       |       |     1 |       ||     1
